 Dungeon Crawl Stone Soup version 0.28.0 (webtiles) character file.

Game seed: 9508696540387999421

256 Flippered the Poker (level 6, -2/73 HPs)
             Began as a Formicid Abyssal Knight on Feb 18, 2022.
             Was a Believer of Lugonu.
             Slain by an orc warrior (3 damage)
             ... on level 3 of the Dungeon.
             The game lasted 00:07:07 (2641 turns).

Flippered the Poker (Formicid Abyssal Knight)       Turns: 2641, Time: 00:07:07

Health: -2/73      AC: 23    Str: 20    XL:     6   Next: 39%
Magic:  8/8        EV:  2    Int:  9    God:    Lugonu [**....]
Gold:   113        SH:  6    Dex: 11    Spells: 5/5 levels left

rFire   . . .      SeeInvis .   o - +0 scythe
rCold   + . .      Faith    .   b - +2 buckler
rNeg    . . .      Spirit   .   (armour currently unavailable)
rPois   +          Reflect  .   (helmet unavailable)
rElec   .          Harm     .   (cloak currently unavailable)
rCorr   .          Rampage  .   (gloves currently unavailable)
Will    .....                   (boots currently unavailable)
Stlth   +.........              (no amulet)
HPRegen 0.22/turn               k - ring of protection from cold
MPRegen 0.11/turn               (no ring)

@: tree-form
A: stationary, stasis, torment immunity, boosted hp, permanent stasis, dig
shafts and tunnels, (antennae 3), four strong arms
a: Renounce Religion, Depart the Abyss, Bend Space


You were on level 3 of the Dungeon.
You worshipped Lugonu.
Lugonu was pleased with you.
You were a tree.
You visited 1 branch of the dungeon, and saw 3 of its levels.
You visited the Abyss 1 time.

You collected 113 gold pieces.

Inventory:

Hand Weapons
 o - a +0 scythe (weapon)
Missiles
 c - 37 bolts
 d - 8 arrows
 r - 7 poisoned darts
Armour
 b - a +2 buckler (worn)
 n - a +0 ring mail (melded)
 p - a +2 robe of willpower
Jewellery
 k - a ring of protection from cold (left branch)
Scrolls
 h - a scroll of identify {unknown}
 j - 3 scrolls of teleportation {unknown}
 l - a scroll of enchant armour {unknown}
 q - a scroll of noise {unknown}
Potions
 a - 2 potions of curing {unknown}
 e - a potion of flight {unknown}
 g - a potion of haste {unknown}
 i - a potion of heal wounds {unknown}
 m - a potion of degeneration {unknown}


   Skills:
 + Level 4.6 Fighting
 * Level 4.6 Polearms
 - Level 2.1 Armour
 - Level 0.8 Dodging
 + Level 2.4 Shields
 - Level 3.0 Invocations


You had 5 spell levels left.
You didn't know any spells.
Your spell library was empty.

Dungeon Overview and Level Annotations

Branches:
Dungeon (3/15)

Altars:

Shops:
D:3 *


Innate Abilities, Weirdness & Mutations

You are a tree.
Your roots penetrate the ground, keeping you stationary.
You cannot be teleported.
You are immune to unholy pain and torment.
Your maximum health is greatly increased.
Your equipment is partially melded.
You cannot be hasted, slowed, berserked, paralysed or teleported.
You can dig through walls and to a lower floor.
((You have a pair of large antennae on your head. (SInv)))
Your four strong arms can wield two-handed weapons with a shield.


Message History

You closely miss the orc priest.
The orc priest is heavily wounded.
The orc priest looks encouraged for a moment.
The orc priest mumbles some strange prayers to Beogh against you.
Beogh smites you!
* * * LOW HITPOINT WARNING * * *
You hear a shout!
There is a stone staircase leading down here.
Really quaff the potion of lignification?
Okay, then.
Really quaff the potion of lignification?
You turn into a tree.
Your +0 ring mail melds into your body.
Your roots penetrate the ground.
The orc warrior hits you with a +0 dire flail.
* * * LOW HITPOINT WARNING * * *
You barely miss the orc warrior.
The orc warrior hits you with a +0 dire flail!
* * * LOW HITPOINT WARNING * * *
You block the orc warrior's attack.
You slash the orc warrior!
The orc warrior is moderately wounded.
You block the orc warrior's attack.
The orc priest casts a cantrip, but nothing happens.
The orc warrior barely misses you.
You closely miss the orc warrior.
The orc warrior is moderately wounded.
The orc warrior hits you but does no damage.
The orc warrior hits you with a +0 dire flail.
* * * LOW HITPOINT WARNING * * *
You hit the orc warrior but do no damage.
The orc warrior is moderately wounded.
The orc priest calls upon Beogh to heal the orc warrior.
The orc warrior is healed somewhat.
You block the orc warrior's attack.
The orc priest calls upon Beogh to heal the orc warrior.
The orc warrior's wounds heal themselves!
You closely miss the orc warrior.
The orc warrior hits you with a +0 dire flail.
* * * LOW HITPOINT WARNING * * *
The orc warrior hits you with a +0 dire flail.
You die...

########## ####........#
#....######.# ###.#..##
#.# #...#...#####.#
#.#####....##.###### #.#
#..♣ooKo#..........# #.#
#.#####....##.####.# #.#
######.# #.....#.# #.#
#.# ##......# #.......#
#.# #.######.......#
#.#{########.#
...##......)...#####K#.#
#......
...##.##..###...K....#.#
#.###.#
.†.##.##..###..#######+##
#.###.# ##<##.##...##..#
##.{.###.##...


You could see an orc warrior, an orc priest, an orc and a kobold.

Vanquished Creatures
  Sigmund (D:2)
  An iguana (D:3)
  An adder (D:2)
  A worm (D:2)
  2 dart slugs
  An orc (D:3)
  6 bats
  4 endoplasms
  A giant cockroach (D:1)
  5 goblins
  2 hobgoblins
  4 jackals (D:2)
  4 kobolds
  4 quokkas
  9 ball pythons
  3 frilled lizards (D:1)
  3 rats
52 creatures vanquished.

Vanquished Creatures (others)
  A plant (D:3)
1 creature vanquished.

Grand Total: 53 creatures vanquished

Notes
Turn   | Place    | Note
-------+----------+-------------------------------------------
     0 | Abyss:1  | Flippered the Formicid Abyssal Knight began the quest for
                  | the Orb.
     0 | Abyss:1  | Reached XP level 1. HP: 18/18 MP: 2/2
    17 | Abyss:1  | Found an iron altar of Okawaru.
    79 | Abyss:1  | Found a corrupted altar of Lugonu.
    81 | Abyss:1  | Noticed an apocalypse crab
    90 | Abyss:1  | Noticed an ettin skeleton
    95 | Abyss:1  | Noticed a starcursed mass
    97 | D:1      | Escaped the Abyss
   202 | D:1      | Reached XP level 2. HP: 24/24 MP: 3/3
   261 | D:1      | Reached * piety under Lugonu
   594 | D:1      | Reached XP level 3. HP: 29/29 MP: 4/4
  1445 | D:2      | Reached XP level 4. HP: 37/37 MP: 6/6
  1568 | D:2      | Noticed Sigmund
  1589 | D:2      | Killed Sigmund
  1590 | D:2      | Reached XP level 5. HP: 43/43 MP: 7/7
  1590 | D:2      | Reached XP level 6. HP: 49/49 MP: 8/8
  1721 | D:2      | Found a faded altar of an unknown god.
  2216 | D:3      | Reached ** piety under Lugonu
  2219 | D:3      | Found Zogiplu's Assorted Antiques.
  2385 | D:3      | Noticed an orc warrior
  2639 | D:3      | HP: 3/73 [orc warrior (2)]
  2641 | D:3      | HP: 1/73 [orc warrior (3)]
  2641 | D:3      | Slain by an orc warrior

Illustrated notes

Levels and vault maps discovered:
D:1:      psy_arrival_terrarium, layout_loops_cross, glass_columns_a
D:2:      layout_basic, hellmonk_ecumenical_altar_lost_god, uniq_sigmund
D:3:      layout_loops_corners, serial_shops, nicolae_shop_overgrown_old_shop

Skill      XL: |  1  2  3  4 |
---------------+-------------+-----
Polearms       | 3 4 |  4.6
Invocations    | 3 |  3.0
Fighting       | 4 |  4.6
Shields        | 2 |  2.4
Armour         | |  2.1
Dodging        | |  0.8

Action                   |  1- 3 |  4- 6 || total
-------------------------+-------+-------++-------
Melee: Spear             |   130 |    24 ||   154
       Punch             |     2 |       ||     2
       Scythe            |       |    53 ||    53
Invok: Depart the Abyss  |     1 |       ||     1
  Use: Potion            |     1 |     2 ||     3
Armor: Leather armour    |    20 |       ||    20
       Skin              |     8 |     3 ||    11
       Ring mail         |     2 |    16 ||    18
Dodge: Dodged            |    55 |    28 ||    83
Block: Buckler           |       |    22 ||    22
